 Dungeon Crawl Stone Soup version 0.22-a0-469-gf26638a (webtiles) character file.

90478 vineage the Severer (level 16, -3/141 HPs)
             Began as a Hill Orc Fighter on June 12, 2018.
             Was the Champion of Okawaru.
             Slain by a deep troll (6 damage)
             ... while paralysed by an ogre mage
             ... on level 2 of the Orcish Mines.
             The game lasted 00:43:47 (24600 turns).

vineage the Severer (Hill Orc Fighter)             Turns: 24600, Time: 00:43:48

Health: -3/141     AC: 37    Str: 31    XL:     16   Next: 0%
Magic:  16/16      EV:  2    Int:  9    God:    Okawaru [******]
Gold:   999        SH:  0    Dex: 18    Spells: 15/15 levels left

rFire    . . .     SeeInvis +   a - +1 broad axe (venom)
rCold    . . .     Gourm    .   u - +6 large shield "Beeg" {Dex+4}
rNeg     + . .     Faith    .   X - +8 orange crystal plate armour {Archmagi, Int+3 Clar}
rPois    .         Spirit   .   g - +0 helmet
rElec    .         Reflect  .   T - +2 cloak of the Thief {+Fog Slay-2 SInv Stlth+}
rCorr    +         Harm     .   q - +0 pair of gloves
MR       +....     Clarity  +   r - +0 pair of boots
Stlth    ..........             (no amulet)
HPRegen  0.33/turn              J - ring of Voqeax {rCorr rN+ Str+6 Int-4}
MPRegen  0.15/turn              V - +3 ring of dexterity

@: paralysed, slowed
A: clever 1, frail 1, MP-powered wands
a: Heroism, Finesse, Renounce Religion, Evoke Fog


You were on level 2 of the Orcish Mines.
You worshipped Okawaru.
Okawaru was exalted by your worship.
You were not hungry.

You visited 4 branches of the dungeon, and saw 24 of its levels.
You also visited: Labyrinth and Ossuary.

You collected 1813 gold pieces.
You spent 814 gold pieces at shops.

Inventory:

Hand Weapons
 a - a +1 broad axe of venom (weapon)
 K - the +6 rapier "Beetleslayer" {elec, Str+7 Int-4 Stlth+}
   (You found it in a labyrinth)

   Occasionally, upon striking a foe, it will discharge some electrical energy
   and cause terrible harm.
   It affects your strength (+7).
   It affects your intelligence (-4).
   It makes you more stealthy.
 P - a +0 whip of flaming
Armour
 g - a +0 helmet (worn)
 q - a +0 pair of gloves (worn)
 r - a +0 pair of boots (worn)
 u - the +6 large shield "Beeg" (worn) {Dex+4}
   (Okawaru gifted it to you on level 6 of the Lair of Beasts)

   It affects your dexterity (+4).
 T - the +2 cloak of the Thief (worn) {+Fog Slay-2 SInv Stlth+}
   (You found it in a labyrinth)

   It affects your accuracy and damage with ranged weapons and melee attacks
   (-2).
   It lets you see invisible.
   It makes you more stealthy.
 X - the +8 orange crystal plate armour (worn) {Archmagi, Int+3 Clar}
   (Okawaru gifted it to you in a labyrinth)

   It affects your intelligence (+3).
   It protects you against confusion.
Jewellery
 j - an uncursed ring of flight {unknown}
 x - an uncursed ring of protection from fire
 z - the ring of Gozag's Hope {rPois SInv Stlth+}
   (You took it off an orc on level 4 of the Dungeon)

   [ring of poison resistance]

   It protects you from poison.
   It lets you see invisible.
   It makes you more stealthy.
 B - a +4 ring of strength
 J - the ring of Voqeax (left hand) {rCorr rN+ Str+6 Int-4}
   (You bought it in a shop on level 15 of the Dungeon)

   [ring of resist corrosion]

   It affects your strength (+6).
   It affects your intelligence (-4).
   It protects you from negative energy.
 V - a +3 ring of dexterity (right hand)
Wands
 h - a wand of enslavement (9)
 v - a wand of flame (100)
 A - a wand of polymorph (18)
 O - a wand of digging (10)
 Q - a wand of disintegration (21)
 W - a wand of iceblast (27)
Scrolls
 b - a scroll of holy word {unknown}
 c - 2 scrolls of identify
 i - 9 scrolls of teleportation
 m - 15 scrolls of remove curse
 p - 6 scrolls of enchant armour
 t - 2 scrolls of noise
 y - 8 scrolls of enchant weapon
 I - 5 scrolls of blinking
 R - a scroll of fear
 S - 3 scrolls of magic mapping
 U - a scroll of vulnerability
 Z - a scroll of silence
Potions
 d - 8 potions of flight
 e - 3 potions of berserk rage
 k - 3 potions of cancellation
 l - 4 potions of curing
 n - a potion of heal wounds
 s - 2 potions of haste
 w - 4 potions of ambrosia
 D - 4 potions of lignification
 E - 2 potions of might
 G - a potion of magic
 H - a potion of invisibility
 L - 3 potions of agility
 M - 3 potions of resistance
 N - 3 potions of brilliance
Miscellaneous
 o - a phial of floods
 F - a phial of floods
Comestibles
 f - 44 rations


   Skills:
 * Level 18.2 Fighting
 - Level 4.7 Short Blades
 + Level 18.9 Axes
 - Level 1.0(11.0) Maces & Flails
 + Level 11.6 Armour
 + Level 14.2 Shields
 - Level 0.8 Invocations


You had 15 spell levels left.
You didn't know any spells.
Your spell library contained the following spells:

 Spells                   Type           Power        Failure   Level  Hunger
 Fireball                 Conj/Fire      #.........   100%        5    ######.
 Apportation              Tloc           #.....       100%        1    ##.....
 Conjure Flame            Conj/Fire      #.......     100%        3    ####...
 Bolt of Cold             Conj/Ice       #.........   100%        6    #######
 Confuse                  Hex            #.......     100%        3    ####...
 Throw Flame              Conj/Fire      #.....       100%        2    ###....
 Freezing Cloud           Conj/Ice/Air   #.........   100%        6    #######
 Mephitic Cloud           Conj/Pois/Air  #.......     100%        3    ####...
 Ring of Flames           Chrm/Fire      #.........   100%        7    #######
 Summon Small Mammal      Summ           #...         100%        1    ##.....
 Animate Skeleton         Necr           N/A          100%        1    ##.....
 Ozocubu's Refrigeration  Ice            #.........   100%        6    #######
 Sticky Flame             Conj/Fire      #.......     100%        4    #####..
 Summon Ice Beast         Ice/Summ       #.......     100%        4    #####..
 Ice Form                 Ice/Tmut       #.......     100%        4    #####..
 Confusing Touch          Hex            #.....       100%        1    ##.....
 Flame Tongue             Conj/Fire      #....        100%        1    ##.....
 Call Canine Familiar     Summ           #.......     100%        3    ####...
 Metabolic Englaciation   Hex/Ice        #.........   100%        5    ######.
 Summon Butterflies       Summ           #.......     100%        1    ##.....
 Simulacrum               Ice/Necr       #.........   100%        6    #######
 Petrify                  Tmut/Erth      #.......     100%        4    #####..
 Summon Hydra             Summ           #.........   100%        7    #######
 Inner Flame              Hex/Fire       #.......     100%        3    ####...
 Summon Mana Viper        Hex/Summ       #.......     100%        5    ######.
 Gell's Gravitas          Tloc           #.........   100%        3    ####...
 Yara's Violent Unravell  Hex/Tmut       #.........   100%        5    ######.
 Poisonous Vapours        Pois/Air       #.....       100%        2    ###....


Dungeon Overview and Level Annotations

Branches:
Dungeon (15/15)            Temple (1/1) D:6            Lair (6/6) D:10
 Shoals (0/4) Lair:4        Snake (0/4) Lair:2        Slime (0/5) Lair:5
    Orc (2/2) D:10         Vaults (0/5) D:13         Depths (0/5) D:15
    Elf: Orc:2

Altars:
Ashenzari
Cheibriados
Dithmenos
Elyvilon
Fedhas
Gozag
Hepliaklqana
Kikubaaqudgha
Makhleb
Nemelex Xobeh
Okawaru
Qazlal
Ru
Sif Muna
Trog
Uskayaw
Vehumet
Wu Jian
Xom
Yredelemnul
Zin
The Shining One

Shops:
D:11 ?   D:15 =(


Innate Abilities, Weirdness & Mutations

Your mind is acute. (Int +2)
You are frail. (-10% HP)
You expend magic power (3 MP) to strengthen your wands.


Message History

The ogre hits you but does no damage. The ogre mage hits you with a spear.
* * * LOW HITPOINT WARNING * * *
The deep troll bites you but does no damage.
The deep troll claws you but does no damage. x2
The ogre mage casts a spell at you.
You feel yourself slow down. The deep troll bites you!
* * * LOW HITPOINT WARNING * * *
The deep troll claws you but does no damage.
The deep troll claws you!
* * * LOW HITPOINT WARNING * * *
The ogre mage hits you but does no damage.
The ogre hits you but does no damage.
The ogre mage hits you but does no damage.
The deep troll bites you.
* * * LOW HITPOINT WARNING * * *
The deep troll claws you but does no damage.
The deep troll claws you.
You die...

......# ...........###
......# ..8..8.)8..#.#.
†.....# .......)).....#
)..<..# ......).)....##
..))).## .8..8.T)8....#
...()..# ..........#.###
.......##########........##
................#O........#
.[)............#@T).......#
................OO))...#.#
.................(....####
.....................##
............#........#
.............#......##
..........#.#(.....##
...#.##...####.##.##
########.## ######


You could see an ogre mage, a deep troll, a troll and 2 ogres.

Vanquished Creatures
  A minotaur (Lab)
  2 ogre magi
  4 hydras
  5 centaur warriors
  A catoblepas (D:14)
  15 two-headed ogres
  3 death yaks (D:10)
  A vampire mage (D:15)
  2 orc high priests (Orc:2)
  Sonja (D:13)
  A deep elf knight (D:13)
  10 skeletal warriors
  A fire crab (Lair:6)
  A deep troll (Orc:2)
  A tengu zombie (D:15)
  Pikel (D:8)
  A wizard (D:14)
  A necromancer (D:15)
  An orb spider (shapeshifter) (D:13)
  3 deep elf magi (D:13)
  7 ugly things
  7 cyclopes
  An orc knight (D:15)
  2 manticores
  4 oklob plants (Lair:1)
  A manticore (shapeshifter) (D:15)
  Joseph (D:10)
  Maurice (D:8)
  3 black mambas
  5 gargoyles
  A molten gargoyle (Lair:5)
  5 centaur skeletons
  3 rime drakes
  7 spiny frogs
  A yaktaur zombie (D:15)
  10 komodo dragons
  3 tengu conjurers (D:15)
  9 trolls
  8 polar bears
  Grinder (D:6)
  4 hornets
  A wolf spider simulacrum (D:15)
  5 hippogriffs
  12 slime creatures
  3 dream sheep (Lair:6)
  12 blink frogs
  2 ice dragon zombies (D:15)
  16 spriggans
  2 shadows
  2 wyverns
  A wraith (D:11)
  A basilisk (D:15)
  25 yaks
  Eustachio (D:4)
  A hungry ghost (D:12)
  11 vampire mosquitoes
  A steam dragon (D:8)
  3 wargs
  4 nagas (Lair:2)
  A soldier ant (D:15)
  A harpy simulacrum (D:14)
  13 porcupines
  9 water moccasins
  12 ice beasts
  13 orc warriors
  3 eyes of draining
  A sky beast (D:11)
  A phantom (D:9)
  4 slaves (D:8)
  3 black bears
  2 necrophages
  5 boggarts
  19 ogres
  18 wolves
  6 centaurs
  13 crocodiles
  6 big kobolds
  A gnoll sergeant (D:9)
  17 bullfrogs
  An elf zombie (Ossuary)
  A water moccasin zombie (D:5)
  3 scorpions
  24 killer bees
  12 wights
  3 electric eels
  7 howler monkeys
  7 crimson imps
  3 bullfrog zombies
  A lava snake (Lair:5)
  3 centaur zombies
  4 hounds
  11 jellies
  9 orc priests
  A gnoll shaman (D:5)
  7 orc wizards
  5 iguanas
  An iron imp (D:5)
  10 worker ants
  2 big kobold zombies (Ossuary)
  2 mummies (Ossuary)
  2 hound skeletons
  3 worker ant zombies
  15 gnolls
  A howler monkey skeleton (D:4)
  12 adders
  8 river rats
  A shadow imp (D:10)
  An ooze (Lair:5)
  2 adder skeletons
  2 worms
  A dart slug (D:1)
  6 leopard geckos
  50 orcs
  3 giant cockroaches
  7 goblins
  8 hobgoblins
  6 jackals
  11 quokkas
  A ball python (D:6)
  11 bats
  7 frilled lizards
  A goblin zombie (Ossuary)
  14 hobgoblin zombies
  A jackal zombie (Ossuary)
  26 kobolds
  8 kobold zombies (Ossuary)
  7 orc zombies (Ossuary)
  A quokka skeleton (D:4)
  A quokka zombie (D:5)
  22 rats
  3 rat zombies (Ossuary)
  9 plants
759 creatures vanquished.

Vanquished Creatures (others)
  The ghost of Alabard the Gusty, an amateur DrAE of Qazlal (D:4)
  A fungus (Lair:2)
  3 plants (D:6)
  5 withered plants (D:15)
10 creatures vanquished.

Grand Total: 769 creatures vanquished

Notes
Turn   | Place    | Note
-------+----------+-------------------------------------------
     0 | D:1      | vineage the Hill Orc Fighter began the quest for the Orb.
     0 | D:1      | Reached XP level 1. HP: 19/19 MP: 1/1
   126 | D:1      | Reached XP level 2. HP: 21/27 MP: 2/2
   515 | D:1      | Reached XP level 3. HP: 30/34 MP: 3/3
   949 | D:2      | Reached XP level 4. HP: 21/41 MP: 1/4
  1220 | D:2      | Reached skill level 5 in Axes
  1577 | D:2      | Reached skill level 5 in Fighting
  1577 | D:2      | Reached XP level 5. HP: 48/48 MP: 5/5
  1780 | D:3      | Found a faded altar of an unknown god.
  2435 | D:4      | Reached XP level 6. HP: 56/56 MP: 6/6
  2520 | D:4      | Got a glittering lapis lazuli ring
  2591 | D:4      | Noticed Eustachio
  2602 | D:4      | Reached XP level 7. HP: 56/62 MP: 5/7
  2648 | D:4      | Killed Eustachio
  2743 | D:4      | Found a basalt altar of Yredelemnul.
  2806 | D:4      | Noticed Alabard's ghost (amateur DrAE)
  2820 | D:4      | Killed Alabard's ghost
  2820 | D:4      | Reached skill level 10 in Axes
  2978 | D:5      | Entered Level 5 of the Dungeon
  2982 | D:5      | Reached XP level 8. HP: 71/71 MP: 8/8
  3496 | D:5      | Found a snail-covered altar of Cheibriados.
  3751 | D:5      | Identified the ring of Gozag's Hope {rPois SInv Stlth+} (You took it off an orc on level 4 of the Dungeon)
  3794 | D:6      | Found a staircase to the Ecumenical Temple.
  3815 | Temple   | Entered the Ecumenical Temple
  3913 | Temple   | Became a worshipper of Warmaster Okawaru
  4087 | D:6      | Found a stormy altar of Qazlal.
  4320 | D:6      | Found a glowing golden altar of the Shining One.
  4352 | D:6      | Noticed Grinder
  4376 | D:6      | Killed Grinder
  4376 | D:6      | Reached XP level 9. HP: 48/82 MP: 6/9
  5105 | D:7      | Found a sacrificial altar of Ru.
  5242 | D:7      | Reached * piety under Okawaru
  5540 | D:7      | Found a burning altar of Makhleb.
  5882 | D:8      | Noticed Maurice
  5908 | D:8      | Killed Maurice
  5908 | D:8      | Reached ** piety under Okawaru
  6137 | D:8      | Reached skill level 10 in Fighting
  6167 | D:8      | Found a sand-covered staircase.
  6183 | Ossuary  | Entered an ossuary
  6295 | Ossuary  | Reached XP level 10. HP: 75/93 MP: 7/10
  6521 | D:8      | Noticed a gargoyle
  6534 | D:8      | Killed a gargoyle
  6771 | D:8      | Noticed a two-headed ogre
  6789 | D:8      | Killed a two-headed ogre
  6789 | D:8      | Reached *** piety under Okawaru
  7190 | D:8      | Noticed Pikel
  7224 | D:8      | Killed Pikel
  7224 | D:8      | Reached skill level 15 in Axes
  8510 | D:9      | Reached **** piety under Okawaru
  8985 | D:9      | Noticed a two-headed ogre
  8995 | D:9      | Killed a two-headed ogre
  8995 | D:9      | Reached XP level 11. HP: 62/105 MP: 6/11
  9443 | D:9      | Reached ***** piety under Okawaru
  9670 | D:10     | Entered Level 10 of the Dungeon
  9682 | D:10     | Found a staircase to the Orcish Mines.
 10166 | D:10     | Found a staircase to the Lair.
 10185 | D:10     | Noticed a death yak
 10185 | D:10     | Noticed a death yak
 10202 | D:10     | Killed a death yak
 10203 | D:10     | Noticed a death yak
 10209 | D:10     | Killed a death yak
 10218 | D:10     | Killed a death yak
 10505 | D:10     | Reached skill level 5 in Armour
 10606 | D:10     | Noticed Joseph
 10623 | D:10     | Killed Joseph
 10877 | Lair:1   | Entered Level 1 of the Lair of Beasts
 10948 | Lair:1   | Received a gift from Okawaru
 11200 | Lair:1   | Reached skill level 5 in Shields
 11367 | Lair:1   | Noticed an oklob plant
 11408 | Lair:1   | Reached XP level 12. HP: 117/117 MP: 12/12
 12431 | Lair:2   | Noticed a four-headed hydra
 12450 | Lair:2   | Killed a five-headed hydra
 12770 | Lair:2   | Reached ****** piety under Okawaru
 12844 | Lair:2   | Reached skill level 15 in Fighting
 12953 | Lair:2   | Reached skill level 1 in Maces & Flails
 13407 | Lair:2   | Found a staircase to the Snake Pit.
 13842 | Lair:3   | Found a labyrinth entrance.
 13872 | Lab      | Entered a labyrinth
 13913 | Lab      | Received a gift from Okawaru
 13914 | Lab      | Found the +8 orange crystal plate armour {Archmagi, Int+3 Clar}
 14291 | Lab      | Noticed a minotaur
 14306 | Lab      | Killed a minotaur
 14306 | Lab      | Reached XP level 13. HP: 72/127 MP: 6/13
 14313 | Lab      | Found the +2 cloak of the Thief {+Fog Slay-2 SInv Stlth+}
 14314 | Lab      | Got a steaming rapier
 14314 | Lab      | Got a polished scale mail
 15706 | Lair:4   | Found a staircase to the Shoals.
 16110 | Lair:4   | Identified the +6 rapier "Beetleslayer" {elec, Str+7 Int-4 Stlth+} (You found it in a labyrinth)
 17205 | Lair:5   | Found a staircase to the Slime Pits.
 17642 | Lair:6   | Entered Level 6 of the Lair of Beasts
 17813 | Lair:6   | Reached skill level 10 in Armour
 18203 | Lair:6   | Received a gift from Okawaru
 18206 | Lair:6   | Got an ancient large shield {god gift}
 18217 | Lair:6   | Identified the +6 large shield "Beeg" {Dex+4} (Okawaru gifted it to you on level 6 of the Lair of Beasts)
 18343 | Lair:6   | Reached skill level 1 in Short Blades
 18554 | Lair:6   | Reached skill level 10 in Shields
 18886 | Lair:6   | Reached XP level 14. HP: 122/136 MP: 14/14
 18895 | Lair:6   | Paralysed by a hornet for 1 turns
 19481 | D:11     | Found a shimmering altar of Xom.
 19768 | D:11     | Found Set Nues's Magic Scroll Shop.
 19776 | D:11     | Bought a scroll of identify for 24 gold pieces
 19776 | D:11     | Bought a scroll of enchant weapon for 90 gold pieces
 19776 | D:11     | Bought a scroll of teleportation for 36 gold pieces
 19776 | D:11     | Bought a scroll of enchant weapon for 90 gold pieces
 19776 | D:11     | Bought a scroll of identify for 24 gold pieces
 19776 | D:11     | Bought a scroll of enchant armour for 90 gold pieces
 19782 | D:11     | Gained mutation: You are frail. (-10% HP) [potion of mutation]
 19782 | D:11     | Gained mutation: Your mind is acute. (Int +2) [potion of mutation]
 19782 | D:11     | Gained mutation: You expend magic power (3 MP) to strengthen your wands. [potion of mutation]
 20403 | D:12     | Found an ornate altar of the Wu Jian Council.
 20829 | D:13     | Noticed Sonja
 20849 | D:13     | Received a gift from Okawaru
 20958 | D:13     | Killed Sonja
 21438 | D:13     | Received a gift from Okawaru
 21570 | D:13     | Found a gate to the Vaults.
 22328 | D:14     | Received a gift from Okawaru
 22430 | D:14     | Reached XP level 15. HP: 130/130 MP: 15/15
 22815 | D:14     | Received a gift from Okawaru
 22859 | D:15     | Entered Level 15 of the Dungeon
 23016 | D:15     | Found Laotur's Antique Weapon Shop.
 23270 | D:15     | Found Jygacs's Jewellery Boutique.
 23289 | D:15     | Bought the ring of Voqeax {rCorr rN+ Str+6 Int-4} for 460 gold pieces
 23429 | D:15     | Found a staircase to the Depths.
 24181 | Orc:1    | Entered Level 1 of the Orcish Mines
 24313 | Orc:2    | Entered Level 2 of the Orcish Mines
 24354 | Orc:2    | Received a gift from Okawaru
 24432 | Orc:2    | Got a faintly glowing chain mail {god gift}
 24444 | Orc:2    | Identified the +8 chain mail of Hairiness {Int+3} (Okawaru gifted it to you on level 2 of the Orcish Mines)
 24564 | Orc:2    | Paralysed by an ogre mage for 3 turns
 24588 | Orc:2    | Reached XP level 16. HP: 59/141 MP: 16/16
 24595 | Orc:2    | Paralysed by an ogre mage for 7 turns
 24599 | Orc:2    | HP: 3/141 [deep troll (9)]
 24600 | Orc:2    | Slain by a deep troll

Vault maps used:
D:1:      lightli_arrival_isolated_outpost
D:2:      minmay_heptomino_d4
D:3:      chequers_ecumenical_altar_simple
D:4:      lemuel_doored_altar, minmay_bisected, uniq_eustachio
D:5:      lemuel_ratsnest, slow_altar_1, first_ration
D:6:      tso_metal_star, nicolae_qazlal_eye_of_the_storm,
          minmay_temple_entry_junction_2, serial_bayou_lagoon_a, uniq_grinder
D:7:      makhleb_blood_cavern_becter, the_bakery, hangedman_ru_absence
D:8:      enter_ossuary_3, uniq_maurice, uniq_pikel
D:10:     dpeg_lair_monsters, orc_0_dummy, minivault_26, uniq_joseph
D:11:     serial_shops, nicolae_shop_trees, basic_altar, grunt_ministairs_6
D:12:     basic_altar, minmay_misc_feat_five
D:13:     hangedman_vaults_entry_quadrant_bands, uniq_sonja
D:15:     gammafunk_depths_entry_grave, serial_shops, nicolae_shop_behind_doors,
          shop_fountains, roderic_lattice_octagonal_star
Temple:   minmay_temple_bridge_d
Lair:1:   minmay_lair_oklob_tunnel, infiniplex_staircase_pool
Lair:2:   minmay_snake_entry_guardpost_medium, grunt_megastairs_5,
          lemuel_fruit_tree, infiniplex_staircase_pool_2
Lair:3:   lab_entry_generic, portal_ice_cave_entry_ice_beasts,
          serial_bayou_shore_a
Lair:4:   shoals_dummy_entry, hibernation_bobbens
Lair:5:   nicolae_slime_entry_slimehenge
Lair:6:   minmay_lair_end_enchanted_forest, minivault_27, grunt_megastairs_3
Orc:1:    nicolae_orc_accident_1
Orc:2:    st_orc_open, serial_shops, nicolae_shop_crystal, bh_open_orc_temple
Lab:      labyrinth_mini_lab, nicolae_lab_garden, nicolae_lab_lava,
          labyrinth_skeletal_remains, nicolae_lab_stuck
Ossuary:  ossuary_tomb_1

Skill      XL: |  1  2  3  4  5  6  7  8  9 10 11 12 13 14 15 |
---------------+----------------------------------------------+-----
Axes           | 3 4 5 6 8 10 12 14 16 17 18 | 18.9
Fighting       | 4 5 6 8 10 12 14 15 16 18 | 18.2
Armour         | 5 8 10 11 | 11.6
Shields        | 5 7 10 12 14 | 14.2
Maces & Flails | 1 |  1.0
Short Blades   | 2 4 |  4.7
Invocations    | |  0.8

Action                   |  1- 3 |  4- 6 |  7- 9 | 10-12 | 13-15 | 16-18 || total
-------------------------+-------+-------+-------+-------+-------+-------++-------
Melee: War axe           |   160 |   193 |   419 |   690 |   299 |       ||  1761
       Whip              |       |       |       |    11 |    69 |       ||    80
       Rapier            |       |       |       |       |   596 |       ||   596
       Broad axe         |       |       |       |       |   669 |     6 ||   675
Invok: Heroism           |       |       |       |     7 |     8 |       ||    15
       Finesse           |       |       |       |       |     1 |       ||     1
  Use: Scroll            |     2 |     5 |     7 |     5 |    16 |       ||    35
       Potion            |     1 |     3 |     1 |     5 |     3 |       ||    13
  Eat: Chunk             |       |     6 |    12 |     4 |    20 |       ||    42
       Ration            |       |       |       |     7 |     4 |       ||    11
Armor: Scale mail        |   103 |    93 |   154 |   107 |       |       ||   457
       Crystal plate arm |       |       |       |   137 |   810 |    18 ||   965
Dodge: Dodged            |    47 |    70 |    97 |   105 |   170 |     2 ||   491
Block: Shield            |   109 |   114 |   181 |   282 |   217 |       ||   903
       Large shield      |       |       |       |       |  1632 |    10 ||  1642

Table legend:
 A = Spawn XP
 B = Non-spawn XP
 C = Spawn XP percentage of total XP
 D = Spawn monster count
 E = Non-spawn monster count
 F = Spawn count percentage of total count
 G = Total turns spent on level
                    A         B        C        D         E        F      G
               +---------+---------+-------+---------+---------+-------+---------
         Total |       0 |  129255 |   0.0 |       0 |     747 |   0.0 | 24600
               +---------+---------+-------+---------+---------+-------+---------
           D:1 |       0 |      38 |   0.0 |       0 |      23 |   0.0 |   746
           D:2 |       0 |     143 |   0.0 |       0 |      30 |   0.0 |  1018
           D:3 |       0 |      87 |   0.0 |       0 |      23 |   0.0 |   617
           D:4 |       0 |     909 |   0.0 |       0 |      25 |   0.0 |   597
           D:5 |       0 |     677 |   0.0 |       0 |      50 |   0.0 |   788
           D:6 |       0 |     702 |   0.0 |       0 |      13 |   0.0 |  1075
           D:7 |       0 |    1091 |   0.0 |       0 |      16 |   0.0 |   835
           D:8 |       0 |    4394 |   0.0 |       0 |      37 |   0.0 |  2312
           D:9 |       0 |    3576 |   0.0 |       0 |      40 |   0.0 |  1175
          D:10 |       0 |    4669 |   0.0 |       0 |      25 |   0.0 |  1235
          D:11 |       0 |    3093 |   0.0 |       0 |      38 |   0.0 |   756
          D:12 |       0 |    1556 |   0.0 |       0 |       5 |   0.0 |   640
          D:13 |       0 |   14847 |   0.0 |       0 |      54 |   0.0 |  1473
          D:14 |       0 |   14938 |   0.0 |       0 |      40 |   0.0 |   671
          D:15 |       0 |   19580 |   0.0 |       0 |      53 |   0.0 |  1209
        Lair:1 |       0 |    4469 |   0.0 |       0 |      18 |   0.0 |  1511
        Lair:2 |       0 |    7245 |   0.0 |       0 |      28 |   0.0 |  1275
        Lair:3 |       0 |    2245 |   0.0 |       0 |      15 |   0.0 |   865
        Lair:4 |       0 |    6245 |   0.0 |       0 |      26 |   0.0 |  1508
        Lair:5 |       0 |    2630 |   0.0 |       0 |      16 |   0.0 |  1051
        Lair:6 |       0 |   17309 |   0.0 |       0 |      74 |   0.0 |  1682
         Orc:1 |       0 |     503 |   0.0 |       0 |       9 |   0.0 |   132
         Orc:2 |       0 |   15224 |   0.0 |       0 |      45 |   0.0 |   287
           Lab |       0 |    2834 |   0.0 |       0 |       5 |   0.0 |   635
       Ossuary |       0 |     251 |   0.0 |       0 |      39 |   0.0 |   337
               +---------+---------+-------+---------+---------+-------+---------
